 Dungeon Crawl Stone Soup version 0.24-a0-441-g27f0392e16 (webtiles) character file.

Game seed: 8772021958355532194

25778 Ijustatesigmund the Warrior (level 13, -1/150 HPs)
             Began as an Ogre Hunter on June 19, 2019.
             Was a Priest of Cheibriados.
             Slain by a minotaur
             ... wielding a +1 broad axe of flaming
              (35 damage)
             ... in a Gauntlet.
             The game lasted 00:32:38 (14921 turns).

Ijustatesigmund the Warrior (Ogre Hunter)          Turns: 14921, Time: 00:32:38

Health: -1/150     AC:  5    Str: 27    XL:     13   Next: 21%
Magic:  0/19       EV: 13    Int: 20    God:    Cheibriados [***...]
Gold:   727        SH:  0    Dex: 21    Spells: 12/12 levels left

rFire    . . .     SeeInvis .   a - +3 dire flail (protect)
rCold    . . .     Gourm    .   (shield currently unavailable)
rNeg     . . .     Faith    .   u - +0 troll leather armour
rPois    .         Spirit   +   (helmet restricted)
rElec    .         Reflect  .   (no cloak)
rCorr    .         Harm     .   (gloves unavailable)
MR       +....     NoTele   +   (boots unavailable)
Stlth    ++........             n - amulet of guardian spirit
HPRegen  0.75/turn              h - +2 ring of slaying
MPRegen  0.16/turn              (no ring)

@: very slow
A: large, unfitting armour, mutation resistance 1, tough skin 1
a: Bend Time, Temporal Distortion, Renounce Religion


You were in a Gauntlet.
You worshipped Cheibriados.
Cheibriados was most pleased with you.
You were not hungry.

You visited 2 branches of the dungeon, and saw 13 of its levels.
You also visited: Gauntlet.

You collected 727 gold pieces.

Inventory:

Hand Weapons
 a - a +3 dire flail of protection (weapon)
 d - the +6 dagger of False Accusations {freeze, rC- Str+2 Int+7 Dex+4}
   (You found it on level 5 of the Dungeon)

   It has been specially enchanted to freeze those struck by it, causing extra
   injury to most foes and up to half again as much damage against particularly
   susceptible opponents.
   It can also slow down cold-blooded creatures.
   It affects your strength (+2).
   It affects your intelligence (+7).
   It affects your dexterity (+4).
   It makes you vulnerable to cold.
 o - a +0 giant spiked club
Missiles
 c - 11 large rocks (quivered)
 e - 37 poisoned darts
Armour
 b - a +2 robe of cold resistance
 u - a +0 troll leather armour (worn)
Jewellery
 h - a +2 ring of slaying (left hand)
 n - an amulet of guardian spirit (around neck)
 r - a +5 ring of strength
 A - an uncursed ring of protection from cold
 C - the ring "Finue" {rElec Str+3}
   (You found it on level 11 of the Dungeon)

   [ring of strength]

   It affects your strength (+3).
   It insulates you from electricity.
Wands
 k - a wand of disintegration (19)
 l - a wand of digging (3)
 m - a wand of polymorph (5)
 p - a wand of acid (4)
 w - a wand of paralysis (6)
 x - a wand of scattershot (1)
Scrolls
 g - a scroll of magic mapping
 s - 8 scrolls of remove curse
 t - a scroll of enchant armour
 y - a scroll of amnesia
 B - a scroll of enchant weapon
Potions
 i - 2 potions of flight
 q - a potion of lignification
 v - a potion of curing
 z - 2 potions of magic
 G - a potion of might {unknown}
Comestibles
 f - 25 rations


   Skills:
 + Level 15.2 Fighting
 + Level 13.0 Maces & Flails
 - Level 5.7 Throwing
 - Level 4.6 Dodging
 - Level 0.6 Stealth
 + Level 8.8 Invocations


You had 12 spell levels left.
You didn't know any spells.
Your spell library contained the following spells:

 Spells                   Type           Power        Failure   Level  Hunger
 Confusing Touch          Hex            #.....       22%         1    ##.....
 Confuse                  Hex            #.......     54%         3    ####...
 Gell's Gravitas          Tloc           #.........   54%         3    ####...
 Petrify                  Tmut/Erth      #.......     91%         4    #####..
 Metabolic Englaciation   Hex/Ice        #.........   99%         5    ######.
 Yara's Violent Unravell  Hex/Tmut       #.........   99%         5    ######.


Dungeon Overview and Level Annotations

Branches:
Dungeon (12/15)            Temple (1/1) D:4            Lair (0/6) D:8
    Orc (0/2) D:11

Altars:
Ashenzari
Cheibriados
Dithmenos
Elyvilon
Fedhas
Gozag
Hepliaklqana
Kikubaaqudgha
Makhleb
Nemelex Xobeh
Okawaru
Qazlal
Ru
Sif Muna
Trog
Uskayaw
Vehumet
Wu Jian
Xom
Yredelemnul
Zin
The Shining One
Beogh

Annotations:
D:6 exclusion: statue Gauntlet 1 transporter


Innate Abilities, Weirdness & Mutations

You are too large for most types of armour.
You have tough skin. (AC +1)
You are somewhat resistant to further mutation.


Message History

Cheibriados rebukes the minotaur.
The minotaur seems to slow down.
You feel slightly more hungry.
The minotaur hits you with a +1 broad axe of flaming!!
The minotaur burns you! The minotaur misses you.
The minotaur blocks your attack. The minotaur blocks your attack.
The minotaur hits you with a +1 broad axe of flaming!!
* * * LOW HITPOINT WARNING * * *
The minotaur burns you!
* * * LOW HITPOINT WARNING * * *
The minotaur gores you!
* * * LOW HITPOINT WARNING * * *
You feel much better.
Evoke which item? (* to show all) (? for menu, Esc to quit)
Aiming: Corrosive Bolt
Press: ? - help, Shift-Dir - straight line, f/p - minotaur
Aim: a minotaur, wielding a +1 broad axe of flaming, wearing the cursed +1 pearl dragon scales "Fanwobbe" {*Corrode rElec rPois rN+ SInv}, wearing a +1 large shield of positive energy and wearing a +4 ring of strength (slow, unusually agile)
The bolt of acid hits the minotaur but does no damage.
The minotaur hits you with a +1 broad axe of flaming!!!
You die...

##### #8∩8# #:.:#
#8.8# #[.[####
#8.8#.8###
#.H.#....# #
#8@8#..#.#
#.#..##'##..#.#
#......(......#
#.#.##.#.##.#.#
...#....# #
.#.#######.#.###
..............≈#
.8.8..©.©..8.8.8####
...............≈##8#


You could see a minotaur.

Vanquished Creatures
  A hydra (D:11)
  A tengu warrior (D:11)
  A two-headed ogre (D:8)
  A fire crab (Gauntlet)
  An unseen horror (D:11)
  2 wizards (Gauntlet)
  2 ugly things
  2 centaur zombies (D:12)
  A centaur skeleton (D:12)
  A gargoyle (D:9)
  A kobold demonologist (D:11)
  7 trolls
  2 hippogriffs
  6 yaks
  3 wraiths
  5 fire bats (Gauntlet)
  A steam dragon (D:8)
  3 vampire mosquitoes (D:12)
  Edmund (D:6)
  A water moccasin (D:8)
  A hell hound (Gauntlet)
  4 orc warriors
  4 sky beasts
  A black bear (D:6)
  3 ice beasts
  6 phantoms
  A necrophage (D:9)
  5 wolves (D:8)
  7 ogres
  3 centaurs
  A crocodile (D:12)
  7 bullfrogs
  2 gnoll sergeants (D:11)
  6 big kobolds
  Blork the orc (D:6)
  A wyvern zombie (D:12)
  A scorpion (D:7)
  2 wights (D:9)
  6 howler monkeys
  8 crimson imps
  5 bullfrog zombies
  A jelly (D:9)
  7 hounds
  4 human zombies (D:9)
  7 orc priests
  A bullfrog skeleton (D:9)
  13 orc wizards
  A human skeleton (D:9)
  2 iguanas
  6 worker ants
  A killer bee zombie (D:5)
  An ogre zombie (D:9)
  A hound zombie (D:8)
  A hound skeleton (D:6)
  A worker ant zombie (D:9)
  7 gnolls
  13 adders
  A howler monkey skeleton (D:11)
  A river rat (D:8)
  2 shadow imps
  2 white imps (Gauntlet)
  3 oozes
  2 adder zombies
  2 adder skeletons
  2 worms
  3 leopard geckos
  39 orcs
  6 bats
  6 giant cockroaches
  12 hobgoblins
  A jackal (D:1)
  16 kobolds
  3 quokkas
  A ball python (D:3)
  5 frilled lizards
  11 goblins
  2 orc zombies (D:9)
  A quokka skeleton (D:4)
  A quokka zombie (D:5)
  4 rats
311 creatures vanquished.

Vanquished Creatures (others)
  A withered plant (Gauntlet)
1 creature vanquished.

Grand Total: 312 creatures vanquished

Notes
Turn   | Place    | Note
-------+----------+-------------------------------------------
     0 | D:1      | Ijustatesigmund the Ogre Hunter began the quest for the
                  | Orb.
     0 | D:1      | Reached XP level 1. HP: 22/22 MP: 1/1
    23 | D:1      | Reached skill level 3 in Fighting
   249 | D:1      | Reached XP level 2. HP: 28/31 MP: 2/2
   334 | D:1      | Reached skill level 4 in Fighting
   756 | D:2      | Reached XP level 3. HP: 32/40 MP: 3/3
  1119 | D:2      | Reached skill level 5 in Fighting
  1193 | D:3      | Reached skill level 1 in Maces & Flails
  1303 | D:3      | Reached XP level 4. HP: 40/50 MP: 4/4
  1407 | D:3      | Found a hazy altar of Hepliaklqana.
  1841 | D:3      | Reached XP level 5. HP: 43/57 MP: 5/5
  3156 | D:4      | Noticed a +0 dagger
  3157 | D:4      | Noticed a +0 dagger
  3158 | D:4      | Found a hide-covered altar of Uskayaw.
  3634 | D:4      | Reached skill level 6 in Fighting
  3634 | D:4      | Reached XP level 6. HP: 42/67 MP: 2/6
  3860 | D:4      | Found a staircase to the Ecumenical Temple.
  3869 | Temple   | Entered the Ecumenical Temple
  4473 | D:5      | Entered Level 5 of the Dungeon
  4473 | D:5      | Noticed a sky beast
  4496 | D:4      | Killed a sky beast
  5207 | D:5      | Got a crystal dagger
  5208 | D:5      | Identified the +6 dagger of False Accusations {freeze, rC-
                  | Str+2 Int+7 Dex+4} (You found it on level 5 of the Dungeon)
  5533 | D:5      | Noticed a phantom
  5548 | D:5      | Killed a phantom
  5548 | D:5      | Reached XP level 7. HP: 72/76 MP: 7/7
  5613 | D:5      | Reached skill level 7 in Fighting
  5613 | D:5      | Reached skill level 5 in Maces & Flails
  5926 | D:5      | Found a stormy altar of Qazlal.
  6749 | D:6      | Reached XP level 8. HP: 87/87 MP: 8/8
  7066 | D:6      | Found a radiant altar of Vehumet.
  7136 | D:6      | Noticed Blork the orc
  7138 | D:6      | Killed Blork the orc
  7140 | D:6      | Noticed Edmund
  7142 | D:6      | Killed Edmund
  7142 | D:6      | Reached skill level 8 in Fighting
  7273 | D:6      | Reached skill level 5 in Throwing
  7613 | D:6      | Found a bloodstained altar of Trog.
  7926 | D:7      | Found a glowing golden altar of the Shining One.
  7936 | D:7      | Found an ancient bone altar of Kikubaaqudgha.
  8054 | D:7      | Reached skill level 9 in Fighting
  8054 | D:7      | Reached XP level 9. HP: 70/98 MP: 6/9
  8235 | D:7      | Found a shadowy altar of Dithmenos.
  9037 | D:8      | Noticed a troll
  9046 | D:8      | Killed a troll
  9046 | D:8      | Reached skill level 10 in Fighting
  9350 | D:8      | Reached XP level 10. HP: 110/110 MP: 10/10
  9613 | D:8      | Found a staircase to the Lair.
  9675 | D:8      | Noticed a two-headed ogre
  9683 | D:8      | Killed a two-headed ogre
 10021 | D:9      | Noticed a gargoyle
 10034 | D:9      | Killed a gargoyle
 10034 | D:9      | Reached skill level 11 in Fighting
 10051 | D:9      | Reached skill level 10 in Maces & Flails
 10527 | D:9      | Found an iron altar of Okawaru.
 11318 | D:9      | Found a basalt altar of Yredelemnul.
 11533 | D:10     | Entered Level 10 of the Dungeon
 11786 | D:10     | Reached XP level 11. HP: 122/122 MP: 11/11
 12035 | Temple   | Became a worshipper of Cheibriados the Contemplative
 12220 | D:10     | Reached skill level 12 in Fighting
 12288 | D:10     | Reached skill level 1 in Invocations
 12701 | D:11     | Got a brightly glowing granite ring
 12904 | D:11     | Identified the ring "Finue" {rElec Str+3} (You found it on
                  | level 11 of the Dungeon)
 12982 | D:11     | Found a roughly hewn altar of Beogh.
 13224 | D:11     | Reached * piety under Cheibriados
 13226 | D:11     | Noticed a sun demon
 13439 | D:11     | Killed an unseen horror
 13592 | D:11     | Reached ** piety under Cheibriados
 13669 | D:11     | Noticed a tengu warrior
 13675 | D:11     | Killed a tengu warrior
 13675 | D:11     | Reached skill level 13 in Fighting
 13849 | D:11     | Found a staircase to the Orcish Mines.
 13954 | D:11     | Noticed a green ugly thing
 13954 | D:11     | Noticed an eight-headed hydra
 13962 | D:11     | Reached skill level 14 in Fighting
 13962 | D:11     | Reached XP level 12. HP: 108/139 MP: 13/17
 14020 | D:11     | Killed an eight-headed hydra
 14338 | D:12     | Reached *** piety under Cheibriados
 14410 | D:12     | Reached XP level 13. HP: 71/148 MP: 17/19
 14550 | D:12     | Found a gate leading to a gauntlet.
 14584 | Gauntlet | Entered a Gauntlet
 14584 | Gauntlet | Found a transporter.
 14584 | Gauntlet | Found a transporter.
 14584 | Gauntlet | Noticed a death ooze
 14625 | Gauntlet | Reached skill level 15 in Fighting
 14643 | Gauntlet | Found a transporter.
 14644 | Gauntlet | Found a transporter.
 14653 | Gauntlet | Got a transparent amber ring
 14664 | Gauntlet | Identified the ring "Uguaj" {*Contam Str+2 Dex+5} (You
                  | found it in a Gauntlet)
 14681 | Gauntlet | Gained mutation: You are somewhat resistant to further
                  | mutation. [mutagenic glow]
 14746 | Gauntlet | Found a transporter.
 14767 | Gauntlet | Reached **** piety under Cheibriados
 14906 | Gauntlet | Identified the cursed +1 pearl dragon scales "Fanwobbe"
                  | {*Corrode rElec rPois rN+ SInv}
 14906 | Gauntlet | Noticed a minotaur
 14921 | Gauntlet | Slain by a minotaur

Levels and vault maps discovered:
D:1:      dpeg_arrival_brainrot, layout_basic
D:2:      layout_rooms, grunt_ministairs_4, mrwooster_statue_mirror
D:3:      cheibrodos_greedy_goblins, layout_basic, old_standard_altar
D:4:      layout_basic, dancing_weapons_uskayaw,
          minmay_temple_entry_statues_pillars
D:5:      layout_layer_cave, grunt_qazlal_sundering, first_ration
D:6:      layout_loops_corners, vehumet_statue, bloody_trog, uniq_edmund,
          uniq_blork_the_orc
D:7:      layout_rooms, kennysheep_mini, nicolae_dithmenos_the_darkroom,
          basic_altar
D:8:      layout_rooms, erik_lair_island
D:9:      layout_basic, lemuel_mausoleum_altar_yredelemnul,
          nicolae_overflow_crystal_walls
D:10:     layout_gridville, serial_glass, glass_columns_a, glass_columns_c
D:11:     layout_gridville, kennysheep_orc_monster_closet_entryway,
          grunt_tengu_nest, david_defended_altar_orc
D:12:     layout_loops_ring, gauntlet_entry_generic, uniq_sonja
Temple:   oiseaux_autumnal_temple
Gauntlet: gammafunk_gauntlet_shortcut [nicolae_gauntlet_arena_quarters,
          nicolae_gauntlet_swirl, gammafunk_gauntlet_arena_mazey,
          gammafunk_gauntlet_arena_split_diamond,
          gammafunk_gauntlet_arena_arrow_garden, nicolae_gauntlet_arena_blocks,
          nicolae_gauntlet_exit_dead_adventurers]

Skill      XL: |  1  2  3  4  5  6  7  8  9 10 11 12 13 |
---------------+----------------------------------------+-----
Fighting       | 3 4 5 6 7 9 10 11 14 15 | 15.2
Maces & Flails | 1 2 3 4 5 7 9 10 12 13 | 13.0
Throwing       | 5 |  5.7
Dodging        | 3 4 |  4.6
Invocations    | 7 8 |  8.8
Stealth        | |  0.6

Action                   |  1- 3 |  4- 6 |  7- 9 | 10-12 | 13-15 || total
-------------------------+-------+-------+-------+-------+-------++-------
Melee: Short sword       |    69 |       |       |       |       ||    69
       Whip              |    35 |   111 |       |       |       ||   146
       Mace              |       |   133 |       |       |       ||   133
       Flail             |       |     3 |    90 |       |       ||    93
       Dire flail        |       |       |   194 |   450 |    91 ||   735
Throw: Dart              |    24 |     6 |     5 |    19 |       ||    54
       Large rock        |       |     9 |    16 |    29 |       ||    54
       Throwing net      |       |     3 |       |     1 |       ||     4
Invok: Bend Time         |       |       |       |       |     3 ||     3
Evoke: Wand              |       |       |     3 |     8 |     3 ||    14
  Use: Scroll            |     4 |     1 |    11 |     9 |     1 ||    26
       Potion            |       |     5 |     1 |     6 |     3 ||    15
 Stab: Sleeping          |     3 |     1 |       |     3 |       ||     7
       Held in net/web   |       |     1 |       |       |       ||     1
       Distracted        |       |       |       |     1 |       ||     1
  Eat: Chunk             |     1 |    10 |    13 |    10 |     1 ||    35
       Ration            |       |     1 |       |     1 |     1 ||     3
Armor: Robe              |    39 |    77 |   103 |   139 |     2 ||   360
       Troll leather arm |       |       |       |       |    20 ||    20
Dodge: Dodged            |    54 |   159 |   142 |   219 |    53 ||   627

Table legend:
 A = Non-vault XP
 B = Vault XP
 C = Vault XP percentage of total XP
 D = Non-vault monster count
 E = Vault monster count
 F = Vault count percentage of total count
                 A         B        C        D         E       F
            +---------+---------+-------+---------+---------+-------
      Total |   17296 |    7362 |  29.9 |     239 |      72 |  23.2
            +---------+---------+-------+---------+---------+-------
        D:1 |      25 |       2 |   7.4 |      13 |       1 |   7.1
        D:2 |      37 |      15 |  28.8 |       9 |       9 |  50.0
        D:3 |     173 |       8 |   4.4 |      26 |       5 |  16.1
        D:4 |     214 |       0 |   0.0 |       8 |       0 |   0.0
        D:5 |     382 |       0 |   0.0 |      17 |       0 |   0.0
        D:6 |    1079 |     253 |  19.0 |      21 |       2 |   8.7
        D:7 |     964 |       0 |   0.0 |      20 |       0 |   0.0
        D:8 |    2313 |     931 |  28.7 |      28 |       7 |  20.0
        D:9 |    1872 |     689 |  26.9 |      24 |      12 |  33.3
       D:10 |    1082 |       0 |   0.0 |      20 |       0 |   0.0
       D:11 |    4669 |    2598 |  35.8 |      26 |      24 |  48.0
       D:12 |    4486 |       0 |   0.0 |      27 |       0 |   0.0
   Gauntlet |       0 |    2866 | 100.0 |       0 |      12 | 100.0
            +---------+---------+-------+---------+---------+-------
